 Dungeon Crawl Stone Soup version 0.26-a0-1020-ge47f559bc5 (webtiles) character file.

Game seed: 417810357139244296

28 Morbidden the Conjurer (level 2, 0/17 HPs)
             Began as a Demonspawn Conjurer on Dec 8, 2020.
             Succumbed to an adder's poison
             ... on level 2 of the Dungeon.
             The game lasted 00:01:17 (1187 turns).

Morbidden the Conjurer (Demonspawn Conjurer)        Turns: 1187, Time: 00:01:17

Health: 0/17       AC:  1    Str:  7    XL:     2   Next: 96%
Magic:  1/5        EV: 12    Int: 19    God:
Gold:   44         SH:  0    Dex: 11    Spells: 2/5 levels left

rFire    . . .     SeeInvis .   (no weapon)
rCold    . . .     Faith    .   (no shield)
rNeg     . . .     Spirit   .   a - +0 robe
rPois    .         Reflect  .   (no helmet)
rElec    .         Harm     .   (no cloak)
rCorr    .         Rampage  .   (no gloves)
Will     .....                  (no boots)
Stlth    ++........             (no amulet)
HPRegen  0.05/turn              (no ring)
MPRegen  0.09/turn              (no ring)

@: mighty, brilliant, lethally poisoned (0 -> -7)
A: claws 1, deformed body, frail 1, evolution 1
a: no special abilities


You were on level 2 of the Dungeon.
You visited 1 branch of the dungeon, and saw 2 of its levels.

You collected 44 gold pieces.

Inventory:

Armour
 a - a +0 robe (worn)
Jewellery
 g - an uncursed ring of resist corrosion {unknown}
 h - an uncursed ring of protection from cold {unknown}
Scrolls
 b - 2 scrolls of identify {unknown}
 c - a scroll of fog {unknown}


   Skills:
 * Level 0.1 Fighting
 + Level 1.8 Dodging
 + Level 1.9 Stealth
 * Level 2.3 Spellcasting
 * Level 4.6 Conjurations


You had 2 spell levels left.
You knew the following spells:

 Your Spells              Type           Power        Failure   Level
a - Magic Dart            Conj           ####         2%          1
b - Searing Ray           Conj           ####..       3%          2

Your spell library contained the following spells:

 Spells                   Type           Power        Failure   Level
 Dazzling Flash           Conj/Hex       ###...       19%         3
 Fulminant Prism          Conj/Hex       ###.......   54%         4
 Iskenderun's Mystic Bla  Conj/Tloc      ###.....     54%         4


Dungeon Overview and Level Annotations

Branches:
Dungeon (2/15)

Altars:


Innate Abilities, Weirdness & Mutations

You have sharp fingernails.
Armour fits poorly on your strangely shaped body.
You are frail. (-10% HP)
You evolve.


Message History

* * * LOW HITPOINT WARNING * * *
You barely miss the adder.
The adder is lightly wounded.
The adder barely misses you.
Unknown command.
It was a potion of mutation.
You feel extremely strange.
You feel frail.
Your body twists and deforms.
You feel nature experimenting on you.
Don't worry, failures die fast.
The adder closely misses you.
Unknown command.
It was a potion of brilliance.
You feel clever all of a sudden. The adder closely misses you.
The adder bites you.
* * * LOW HITPOINT WARNING * * *
You are lethally poisoned!
The adder poisons you!
Unknown command.
It was a potion of might.
You feel very mighty all of a sudden.
You die...

#.........
..####......)..
...............
#.........
#.######## #.#
#.# #S### #@#<#
#.#.# #...#
#####


You could see an adder.

Vanquished Creatures
  A dart slug (D:1)
  2 leopard geckos (D:1)
  A ball python (D:2)
  A giant cockroach (D:1)
  3 goblins
  3 hobgoblins (D:1)
  2 bats (D:1)
  5 frilled lizards (D:1)
  2 kobolds (D:1)
  5 rats (D:1)
25 creatures vanquished.

Notes
Turn   | Place    | Note
-------+----------+-------------------------------------------
     0 | D:1      | Morbidden the Demonspawn Conjurer began the quest for the
                  | Orb.
     0 | D:1      | Reached XP level 1. HP: 13/13 MP: 3/3
   221 | D:1      | Gained mutation: You have sharp fingernails. [demonic
                  | ancestry]
   221 | D:1      | Reached XP level 2. HP: 14/19 MP: 0/5
   496 | D:1      | Learned a level 2 spell: Searing Ray
  1185 | D:2      | Gained mutation: You are frail. (-10% HP) [potion of
                  | mutation]
  1185 | D:2      | Gained mutation: Armour fits poorly on your strangely
                  | shaped body. [potion of mutation]
  1185 | D:2      | Gained mutation: You evolve. [potion of mutation]
  1187 | D:2      | Succumbed to an adder's poison

Illustrated notes

Levels and vault maps discovered:
D:1:      lightli_arrival_statue_moat, layout_loops_ring, due_unseen_surprise
D:2:      layout_basic, uniq_robin

Action                   || total
-------------------------++-------
Melee: Unarmed           ||     7
 Cast: Magic Dart        ||    45
       Searing Ray       ||     1
  Use: Potion            ||     3
Armor: Robe              ||     2
Dodge: Dodged            ||     6

Table legend: (Time is in decaauts)
 A = Elapsed time spent in this place.
 B = Non-inter-level travel time spent in this place.
 C = Inter-level travel time spent in this place.
 D = Time resting spent in this place.
 E = Time spent auto-exploring this place.
 F = Levels seen in this place.
 G = Mean time per level.
                   A        B        C        D        E       F      G
               +--------+--------+--------+--------+--------+-----+--------+
         Total |   1187 |   1158 |     29 |      0 |   1054 |   2 |  593.5 |
       Dungeon |   1187 |   1158 |     29 |      0 |   1054 |   2 |  593.5 |
               +--------+--------+--------+--------+--------+-----+--------+

Top non-repeatable levels by time:
     D:1: 1144 daAuts
     D:2: 43 daAuts
